 Dungeon Crawl Stone Soup version 0.26.1-11-gd32895ea62 (webtiles) character file.

Game seed: 9486267254506151137

323 Arcadio the Grave Robber (level 6, -3/45 HPs)
             Began as a Hill Orc Necromancer on May 21, 2021.
             Killed from afar by an orc wizard (11 damage)
             ... with a puff of frost
             ... on level 3 of the Dungeon.
             The game lasted 00:10:40 (6189 turns).

Arcadio the Grave Robber (Hill Orc Necromancer)     Turns: 6189, Time: 00:10:40

Health: -3/45      AC:  3    Str: 17    XL:     6   Next: 47%
Magic:  8/8        EV: 13    Int: 17    God:
Gold:   184        SH:  0    Dex: 11    Spells: 3/8 levels left

rFire    . . .     SeeInvis .   f - +1 whip (freeze)
rCold    . . .     Faith    .   (no shield)
rNeg     . . .     Spirit   .   a - +1 robe
rPois    .         Reflect  .   (no helmet)
rElec    .         Harm     .   (no cloak)
rCorr    .         Rampage  .   (no gloves)
Will     .....                  (no boots)
Stlth    +++.......             (no amulet)
HPRegen  0.15/turn              l - +6 ring of strength
MPRegen  0.11/turn              j - ring of stealth

@: invisible
A: no striking features
a: no special abilities


You were on level 3 of the Dungeon.
You visited 1 branch of the dungeon, and saw 4 of its levels.

You collected 184 gold pieces.

Inventory:

Hand Weapons
 f - a +1 whip of freezing (weapon)
Missiles
 g - 28 poisoned darts (quivered)
Armour
 a - a +1 robe (worn)
Jewellery
 b - an uncursed ring of protection from cold
 j - a ring of stealth (right hand)
 l - a +6 ring of strength (left hand)
Wands
 h - a wand of random effects (16)
Scrolls
 d - a scroll of enchant armour
 e - 3 scrolls of amnesia
 i - a scroll of fog
 q - a scroll of teleportation {unknown}
 r - a scroll of immolation {unknown}
 s - a scroll of remove curse
Potions
 c - a potion of curing
 k - 2 potions of haste
 m - a potion of lignification {unknown}
 n - 2 potions of invisibility
 o - 2 potions of might
 p - a potion of resistance {unknown}


   Skills:
 + Level 4.0 Dodging
 - Level 1.5 Stealth
 - Level 1.5 Spellcasting
 + Level 6.0 Necromancy


You had 3 spell levels left.
You knew the following spells:

 Your Spells              Type           Power        Failure   Level
a - Pain                  Necr           84%          1%          1
b - Animate Skeleton      Necr           42%          1%          1
c - Vampiric Draining     Necr           10%          4%          3

Your spell library contained the following spells:

 Spells                   Type           Power        Failure   Level
 Animate Dead             Necr           10%          17%         4
 Agony                    Necr           21%          43%         5


Dungeon Overview and Level Annotations

Branches:
Dungeon (4/15)
 Temple: D:4-7

Altars:
Dithmenos
Qazlal


Message History

Something hits you but does no damage.
There is a stone staircase leading up here.
Okay, then.
Something completely misses you.
You hear some strange, mumbled words.
A magic dart appears from out of thin air!
The magic dart hits you.
* * * LOW HITPOINT WARNING * * *
You climb upwards.
Reactivating autopickup.
There is a stone staircase leading down here.
A magic dart appears from out of thin air!
Deactivating autopickup; reactivate with Ctrl-A.
The magic dart hits you.
* * * LOW HITPOINT WARNING * * *
You fade into invisibility!
You hear some strange, mumbled words.
A puff of frost appears from out of thin air!
The puff of frost hits you!
You die...

......# ......#
......#
......#############
......##..........#
......##..........#
......##........{.#
......##.........>#
.###............@.#
......##..........#
...#.###..........#
##.#..#####.#######
#.##.## #)#
##.##..## #.#
.......<###.##
#####........#
###..##..#


There were no monsters in sight!

Vanquished Creatures
  A water moccasin (D:4)
  2 hounds (D:3)
  A centaur skeleton (D:4)
  A bullfrog skeleton (D:4)
  A worker ant (D:4)
  A howler monkey skeleton (D:3)
  An adder (D:3)
  2 worms
  2 leopard geckos (D:3)
  An orc (D:1)
  8 bats
  A giant cockroach (D:1)
  6 goblins
  2 hobgoblins (D:1)
  2 jackals (D:1)
  14 kobolds
  A quokka (D:4)
  4 frilled lizards
  5 rats
56 creatures vanquished.

Vanquished Creatures (collateral kills)
  A leopard gecko (D:3)
  A bat (D:3)
2 creatures vanquished.

Vanquished Creatures (others)
  11 plants (D:3)
11 creatures vanquished.

Grand Total: 69 creatures vanquished

Notes
Turn   | Place    | Note
-------+----------+-------------------------------------------
     0 | D:1      | Arcadio the Hill Orc Necromancer began the quest for the
                  | Orb.
     0 | D:1      | Reached XP level 1. HP: 14/14 MP: 3/3
     2 | D:1      | Learned a level 1 spell: Animate Skeleton
   889 | D:1      | Reached XP level 2. HP: 17/20 MP: 1/4
  2138 | D:2      | Found a stormy altar of Qazlal.
  2168 | D:2      | Reached XP level 3. HP: 25/26 MP: 3/5
  2172 | D:2      | Learned a level 3 spell: Vampiric Draining
  4072 | D:3      | Found a shadowy altar of Dithmenos.
  4082 | D:3      | Reached skill level 5 in Necromancy
  4082 | D:3      | Reached XP level 4. HP: 20/33 MP: 0/6
  4756 | D:4      | Reached XP level 5. HP: 21/38 MP: 7/7
  5811 | D:4      | Noticed a phantom
  6095 | D:4      | Noticed a water moccasin
  6101 | D:4      | Killed a water moccasin
  6102 | D:4      | Reached skill level 6 in Necromancy
  6102 | D:4      | Reached XP level 6. HP: 28/45 MP: 0/8
  6189 | D:3      | Killed from afar by an orc wizard

Illustrated notes

Levels and vault maps discovered:
D:1:      dpeg_arrival_circle_labyrinth_c, layout_basic, interstate_on_off
D:2:      layout_basic, general_overflow_altar
D:3:      layout_rooms, lemuel_crystal_altar, lexackson_kobold_supper
D:4:      layout_loops_ring, nicolae_gozag_cash_rules_everything_around_me,
          cheibrodos_ashenzari_chains, serial_shops, shop

Skill      XL: |  1  2  3  4  5 |
---------------+----------------+-----
Dodging        | 2 3 4 |  4.0
Necromancy     | 5 6 |  6.0
Stealth        | |  1.5
Spellcasting   | |  1.5

Action                   |  1- 3 |  4- 6 || total
-------------------------+-------+-------++-------
Melee: Whip              |    29 |    45 ||    74
 Cast: Pain              |    55 |    20 ||    75
       Animate Skeleton  |     8 |     2 ||    10
       Vampiric Draining |       |     3 ||     3
  Use: Scroll            |     7 |     2 ||     9
       Potion            |       |     2 ||     2
 Stab: Sleeping          |     1 |     1 ||     2
Armor: Robe              |    15 |     9 ||    24
Dodge: Dodged            |    38 |    35 ||    73
